 Dungeon Crawl Stone Soup version 0.27.1-33-g824d729ab1 (webtiles) character file.

Game seed: 3761994314501162155

226 pkoi the Insei (level 5, -4/45 HPs)
             Began as a Draconian Monk on Nov 29, 2021.
             Slain by a scorpion (7 damage)
             ... on level 4 of the Dungeon.
             The game lasted 00:05:19 (3662 turns).

pkoi the Insei (Draconian Monk)                     Turns: 3662, Time: 00:05:20

Health: -4/45      AC:  6    Str: 13    XL:     5   Next: 69%
Magic:  5/5        EV: 12    Int: 12    God:
Gold:   183        SH:  0    Dex: 13    Spells: 3/4 levels left

rFire    . . .     SeeInvis .   d - +2 whip (venom)
rCold    . . .     Faith    .   (no shield)
rNeg     . . .     Spirit   .   (armour unavailable)
rPois    .         Reflect  .   (helmet restricted)
rElec    .         Harm     .   (no cloak)
rCorr    .         Rampage  .   (no gloves)
Will     .....                  g - +0 pair of boots
Stlth    ++........             (no amulet)
HPRegen  0.15/turn              (no ring)
MPRegen  0.09/turn              (no ring)

@: lethally poisoned (-4 -> -18), studying Ice Magic
A: AC +5, unfitting armour, cold-blooded
a: no special abilities


You were on level 4 of the Dungeon.
You visited 1 branch of the dungeon, and saw 4 of its levels.

You collected 183 gold pieces.

Inventory:

Hand Weapons
 d - a +2 whip of venom (weapon)
Missiles
 e - a throwing net (quivered)
Armour
 g - a +0 pair of boots (worn)
Jewellery
 j - an amulet of magic regeneration
Scrolls
 b - 2 scrolls of enchant weapon
 f - a scroll of fear
 k - a scroll of identify
Potions
 a - 2 potions of might
 c - a potion of degeneration {unknown}
 h - a potion of mutation {unknown}
 i - 2 potions of magic


   Skills:
 - Level 3.2 Fighting
 - Level 2.6 Dodging
 - Level 1.7 Stealth
 + Level 6.5 Unarmed Combat


You had 3 spell levels left.
You knew the following spells:

 Your Spells              Type           Power      Damage    Failure   Level
a - Apportation           Tloc           0%         N/A       32%         1

Your spell library contained the following spells:

 Spells                   Type           Power      Damage    Failure   Level
 Alistair's Intoxication  Tmut/Pois      0%         N/A       100%        5
 Summon Forest            Summ/Tloc      0%         N/A       100%        5
 Eringya's Noxious Bog    Tmut/Pois      0%         N/A       100%        6
 Invisibility             Hex            0%         N/A       100%        6
 Summon Hydra             Summ           0%         N/A       100%        7


Dungeon Overview and Level Annotations

Branches:
Dungeon (4/15)
 Temple: D:4-7

Altars:

Annotations:
D:3 2 transporters, zeram's ghost, weakling SpBr


Innate Abilities, Weirdness & Mutations

Your plain brown scales are hard. (AC +5)
You cannot fit into any form of body armour.
You are cold-blooded and may be slowed by cold attacks.


Message History

The scorpion is lightly wounded.
The scorpion closely misses you.
You hit the scorpion.
The scorpion looks as sick as possible!
The scorpion is lightly wounded.
The scorpion evades a web.
The scorpion stings you.
You are poisoned.
The scorpion poisons you! The scorpion stings you.
You are more poisoned.
The scorpion poisons you!
You feel very sick.
You kill the scorpion!
You barely miss the scorpion.
You tail-slap the scorpion, but do no damage.
You feel very sick. The scorpion stings you.
You completely miss the scorpion.
You feel very sick. The scorpion stings you.
* * * LOW HITPOINT WARNING * * *
You are lethally poisoned!
The scorpion poisons you! The scorpion stings you.
* * * LOW HITPOINT WARNING * * *
You are more poisoned.
The scorpion poisons you!
You barely miss the scorpion.
* * * LOW HITPOINT WARNING * * *
You feel extremely sick. The scorpion barely misses you.
You hit the scorpion.
The scorpion is poisoned.
The scorpion is moderately wounded.
* * * LOW HITPOINT WARNING * * *
You feel very sick. The scorpion barely misses you.
You hit the scorpion but do no damage.
The scorpion looks even sicker.
You tail-slap the scorpion, but do no damage.
The scorpion is moderately wounded.
* * * LOW HITPOINT WARNING * * *
You feel very sick. The scorpion stings you!
You die...

#........##.#.# ###
#.#+#.#####.#.# ..#
#...........#.#
..#####.#.###...#.#
.....#..#.# #.#.#.#
####.#..#.###.###.#
#.##.#.........######
#....................
####.###.<.##@#######
#.# #####s## #.#
#^.s# ..# #..####
###.^# ^.


You could see 2 scorpions.

Vanquished Creatures
  A scorpion (D:4)
  An orc wizard (D:3)
  2 adders
  4 gnolls
  2 dart slugs
  5 orcs (D:3)
  3 endoplasms
  8 goblins
  9 hobgoblins
  9 jackals
  2 quokkas
  4 ball pythons
  6 bats
  4 frilled lizards
  9 kobolds
  8 rats
77 creatures vanquished.

Notes
Turn   | Place    | Note
-------+----------+-------------------------------------------
     0 | D:1      | pkoi the Draconian Monk began the quest for the Orb.
     0 | D:1      | Reached XP level 1. HP: 19/19 MP: 1/1
   309 | D:1      | Reached XP level 2. HP: 26/26 MP: 2/2
   840 | D:1      | Reached skill level 4 in Unarmed Combat
  1001 | D:1      | Reached XP level 3. HP: 31/31 MP: 3/3
  1703 | D:2      | Reached XP level 4. HP: 25/38 MP: 4/4
  1899 | D:2      | Reached skill level 5 in Unarmed Combat
  2292 | D:3      | Learned a level 1 spell: Apportation
  2310 | D:3      | Found a transporter.
  2314 | D:3      | Identified a scroll of acquirement
  2314 | D:3      | Acquired a manual of Ice Magic
  2742 | D:3      | Noticed a phantom
  3066 | D:3      | Noticed an ogre
  3067 | D:3      | Noticed zeram's ghost (weakling SpBr)
  3068 | D:3      | Noticed an ogre
  3069 | D:3      | Found a transporter.
  3107 | D:3      | Reached XP level 5. HP: 35/45 MP: 5/5
  3629 | D:4      | Reached skill level 6 in Unarmed Combat
  3662 | D:4      | Slain by a scorpion

Illustrated notes

Levels and vault maps discovered:
D:1:      scummos_arrival_star, layout_loops_cross, minmay_domino_4
D:2:      layout_rooms
D:3:      layout_loops_ring, gammafunk_ghost_smash, serial_bayou_pond_e
D:4:      old_forge, layout_basic, serial_shops, kennysheep_little_box,
          skrybe_limestone_x

Skill      XL: |  1  2  3  4  5 |
---------------+----------------+-----
Unarmed Combat | 4 5 6 |  6.5
Fighting       | |  3.2
Dodging        | |  2.6
Stealth        | |  1.7

Action                   |  1- 3 |  4- 6 || total
-------------------------+-------+-------++-------
Melee: Unarmed           |    47 |    23 ||    70
       Tailslap          |    15 |    15 ||    30
       Whip              |    83 |    77 ||   160
       Punch             |     2 |     2 ||     4
  Use: Scroll            |       |     8 ||     8
       Potion            |       |     1 ||     1
 Stab: Sleeping          |     4 |     5 ||     9
Armor: Skin              |    55 |    27 ||    82
Dodge: Dodged            |   109 |    47 ||   156
